 Dungeon Crawl Stone Soup version 0.28-a0-612-gcfc00ec14d (webtiles) character file.

Game seed: 14258223327553753911

64 pokedragonboy the Stinger (level 4, 30/36 HPs)
             Began as a Naga Venom Mage on Oct 6, 2021.
             Quit the game on level 3 of the Dungeon.
             The game lasted 00:05:58 (2331 turns).

pokedragonboy the Stinger (Naga Venom Mage)         Turns: 2331, Time: 00:05:58

Health: 30/36      AC:  6    Str: 17    XL:     4   Next: 12%
Magic:  2/8        EV:  7    Int: 16    God:
Gold:   105        SH:  0    Dex: 11    Spells: 5/8 levels left

rFire   . . .      SeeInvis +   d - +0 spear
rCold   . . .      Faith    .   (no shield)
rNeg    + . .      Spirit   .   a - +0 robe
rPois   +          Reflect  .   (no helmet)
rElec   .          Harm     .   (no cloak)
rCorr   .          Rampage  .   (no gloves)
Will    .....                   c - +0 barding
Stlth   ++........              (no amulet)
HPRegen 0.12/turn               e - +6 ring of strength
MPRegen 0.11/turn               i - ring of positive energy

@: mildly poisoned (30 -> 26), very slow
A: AC +1, large, see invisible, deformed body, poison resistance, slowness 2,
spit poison 1, naga tail 1
a: Spit Poison


You were on level 3 of the Dungeon.
You visited 1 branch of the dungeon, and saw 3 of its levels.

You collected 105 gold pieces.

Inventory:

Hand Weapons
 d - a +0 spear (weapon)
Armour
 a - a +0 robe (worn)
 c - a +0 barding (worn)
Magical Staves
 g - a staff of cold
Jewellery
 e - a +6 ring of strength (left hand)
 i - a ring of positive energy (right hand)
Scrolls
 b - 2 scrolls of identify
 j - 2 scrolls of noise {unknown}
 l - a scroll of torment {unknown}
 m - a scroll of enchant armour {unknown}
 n - a scroll of blinking {unknown}
Potions
 f - a potion of berserk rage
 h - 2 potions of might {unknown}
 k - a potion of degeneration {unknown}
 o - a potion of flight {unknown}


   Skills:
 - Level 1.5 Dodging
 - Level 3.0 Stealth
 + Level 2.7 Spellcasting
 - Level 1.0 Transmutations
 * Level 5.8 Poison Magic


You had 5 spell levels left.
You knew the following spells:

 Your Spells              Type           Power      Damage    Failure   Level
a - Sting                 Tmut/Pois      52%        1d5       4%          1
b - Poisonous Vapours     Pois/Air       22%        N/A       9%          2

Your spell library contained the following spells:

 Spells                   Type           Power      Damage    Failure   Level
 Olgreb's Toxic Radiance  Pois           20%        N/A       17%         4
 Ignite Poison            Fire/Tmut/Pois 9%         N/A       22%         3
 Mephitic Cloud           Conj/Pois/Air  8%         N/A       26%         3
 Freezing Cloud           Conj/Ice/Air   1%         6-21      99%         5


Dungeon Overview and Level Annotations

Branches:
Dungeon (3/15)

Altars:
Nemelex Xobeh


Innate Abilities, Weirdness & Mutations

Your serpentine skin is tough. (AC +1)
You have supernaturally acute eyesight. (SInv)
Armour fits poorly on your strangely shaped body.
Your system is resistant to poisons. (rPois)
You cover ground very slowly.
You can spit poison.
You have a snake-like lower body.


Message History

The bat moves out of view.
Casting: Sting (safe; 4% risk of failure)
Confirm with . or Enter, or press ? or * to list all spells.
Aiming: Sting (safe; 4% risk of failure)
Press: ? - help, Shift-Dir - straight line, f - adder
Aim: an adder (53% to hit)
The sting misses the adder.
Casting: Sting (safe; 4% risk of failure)
Confirm with . or Enter, or press ? or * to list all spells.
Aiming: Sting (safe; 4% risk of failure)
Press: ? - help, Shift-Dir - straight line, f/p - adder
Aim: an adder (53% to hit)
The sting hits the adder.
The adder is poisoned.
The adder is lightly wounded.
A dart slug comes into view.
You closely miss the adder.
The adder is moderately wounded.
The adder bites you but does no damage. The adder bites you.
Casting: Sting (safe; 4% risk of failure)
Confirm with . or Enter, or press ? or * to list all spells.
Aiming: Sting (safe; 4% risk of failure)
Press: ? - help, Shift-Dir - straight line, f/p - adder
Aim: an adder (moderately wounded, poisoned, 53% to hit)
The sting hits the adder.
The adder looks even sicker.
The adder is severely wounded.
The adder bites you. x2
You are poisoned.
The adder poisons you!
Casting: Sting (safe; 4% risk of failure)
Confirm with . or Enter, or press ? or * to list all spells.
Aiming: Sting (safe; 4% risk of failure)
Press: ? - help, Shift-Dir - straight line, f/p - adder
Aim: an adder (almost dead, very poisoned, 53% to hit)
The sting hits the adder.
The adder looks even sicker.
You kill the adder!
You feel sick.
A jackal comes into view.
You have reached level 4!
You feel stronger.
Are you sure you want to abandon this character and quit the game? (Confirm with "yes".)

#........# #.#.#..####.#
.....###.# #...........#
#..### #.# #.#.#..######
#..### #.# #......#
#....# #.# ###.##.#
#.##.# #.######...#.##
#.##.###.#...........#
#......#.#.####...##.#
#......#.#.#####@## ...
#........#......†# #.##
##.....#########........
#...†.# #..#####.
###.### .).# #.# #..#
####.# ...# .....# .##h
###### . #


You could see a jackal (wandering).

Vanquished Creatures
  2 adders (D:3)
  A worm (D:2)
  3 dart slugs
  2 bats
  4 endoplasms
  2 giant cockroaches (D:2)
  3 goblins
  3 hobgoblins
  4 jackals (D:1)
  4 ball pythons
  3 kobolds
  4 rats
35 creatures vanquished.

Notes
Turn   | Place    | Note
-------+----------+-------------------------------------------
     0 | D:1      | pokedragonboy the Naga Venom Mage began the quest for the
                  | Orb.
     0 | D:1      | Reached XP level 1. HP: 15/15 MP: 3/3
    78 | D:1      | Found a faded altar of an unknown god.
   457 | D:1      | Reached XP level 2. HP: 14/22 MP: 1/5
   609 | D:1      | Learned a level 2 spell: Poisonous Vapours
  1160 | D:2      | Reached skill level 5 in Poison Magic
  1264 | D:2      | Reached XP level 3. HP: 28/28 MP: 1/6
  1689 | D:2      | Found a sparkling altar of Nemelex Xobeh.
  2331 | D:3      | Reached XP level 4. HP: 30/36 MP: 2/8
  2331 | D:3      | Quit the game

Illustrated notes

Levels and vault maps discovered:
D:1:      lightli_molten_gateway, layout_basic,
          shapermc_ecumenical_altar_mp_highgroup, minmay_misc_feat_nine_boxes,
          minmay_misc_feat_hallway
D:2:      layout_loops_ring, basic_altar
D:3:      layout_loops_ring, minmay_vboxes

Skill      XL: |  1  2 |
---------------+-------+-----
Poison Magic   | 5 |  5.8
Dodging        | |  1.5
Stealth        | |  3.0
Spellcasting   | |  2.7
Transmutations | |  1.0

Action                   |  1- 3 |  4- 6 || total
-------------------------+-------+-------++-------
Melee: Spear             |    22 |       ||    22
 Cast: Sting             |    49 |       ||    49
       Poisonous Vapours |    12 |       ||    12
 Abil: Spit Poison       |     2 |       ||     2
  Use: Scroll            |     1 |       ||     1
Armor: Robe              |    16 |       ||    16
Dodge: Dodged            |    14 |       ||    14

Table legend: (Time is in decaauts)
 A = Elapsed time spent in this place.
 B = Non-inter-level travel time spent in this place.
 C = Inter-level travel time spent in this place.
 D = Time resting spent in this place.
 E = Time spent auto-exploring this place.
 F = Levels seen in this place.
 G = Mean time per level.
                   A        B        C        D        E       F      G
               +--------+--------+--------+--------+--------+-----+--------+
         Total |   2859 |   2813 |     46 |    436 |   1979 |   3 |  953.0 |
       Dungeon |   2859 |   2813 |     46 |    436 |   1979 |   3 |  953.0 |
               +--------+--------+--------+--------+--------+-----+--------+

Top non-repeatable levels by time:
     D:1: 1348 daAuts
     D:2: 1250 daAuts
     D:3: 260 daAuts
